 Dungeon Crawl Stone Soup version 0.26-a0-966-gd078a86f14 (webtiles) character file.

Game seed: 5716206276822663204

40 pkoi the Ruffian (level 3, -4/31 HPs)
             Began as a Ghoul Monk on Dec 4, 2020.
             Slain by Terence
             ... wielding a +2 falchion of holy wrath
              (9 damage)
             ... on level 2 of the Dungeon.
             The game lasted 00:01:14 (1357 turns).

pkoi the Ruffian (Ghoul Monk)                       Turns: 1357, Time: 00:01:16

Health: -4/31      AC:  2    Str: 15    XL:     3   Next: 50%
Magic:  2/2        EV: 12    Int:  5    God:
Gold:   50         SH:  5    Dex: 11    Spells: 2/2 levels left

rFire    . . .     SeeInvis .     - Unarmed
rCold    + . .     Faith    .   (no shield)
rNeg     + + +     Spirit   .   a - +0 robe
rPois    ∞         Reflect  +   (no helmet)
rElec    .         Harm     .   (no cloak)
rCorr    .         Rampage  .   (no gloves)
MR       .....                  (no boots)
Stlth    ++........             i - amulet of reflection
HPRegen  0.00/turn              (no ring)
MPRegen  0.08/turn              (no ring)

@: no status effects
A: rotting body, claws 1, cold resistance 1, negative energy resistance 3,
inhibited regeneration, torment resistance, unbreathing
a: no special abilities


You were on level 2 of the Dungeon.
You visited 1 branch of the dungeon, and saw 2 of its levels.

You collected 50 gold pieces.

Inventory:

Missiles
 c - 8 javelins (quivered)
 g - 16 poisoned darts
Armour
 a - a +0 robe (worn)
Jewellery
 i - an amulet of reflection (around neck)
Potions
 b - 2 potions of mutation {unknown}
 d - a potion of lignification {unknown}
 f - a potion of degeneration {unknown}
 h - a potion of curing


   Skills:
 - Level 3.2 Fighting
 - Level 2.6 Dodging
 - Level 2.1 Stealth
 + Level 4.9 Unarmed Combat


You had 2 spell levels left.
You didn't know any spells.
Your spell library was empty.

Dungeon Overview and Level Annotations

Branches:
Dungeon (2/15)

Altars:

Annotations:
D:2 1 runed translucent door, Crazy Yiuf, Terence


Innate Abilities, Weirdness & Mutations

Your body is rotting away.
You thrive by killing the living.
You are immune to poison.
You have sharp fingernails.
Your flesh is cold resistant. (rC+)
You are immune to negative energy. (rN+++)
You do not regenerate when monsters are visible.
You are immune to unholy pain and torment.
You can survive without breathing.


Message History

You scratch Terence.
Terence is heavily wounded.
You block the giant cockroach's attack.
You barely miss Terence.
Terence is heavily wounded.
You block Terence's attack. The giant cockroach closely misses you.
You barely miss Terence.
Terence is heavily wounded.
Terence closely misses you. You block the giant cockroach's attack.
You claw Terence!
Terence is severely wounded.
The giant cockroach bites you but does no damage.
Terence drinks a potion.
Terence is healed!
You scratch Terence.
Terence is moderately wounded.
The giant cockroach barely misses you.
Terence hits you with a +2 falchion of holy wrath.
* * * LOW HITPOINT WARNING * * *
You convulse!
You die...

## #.. .. #.# ## .#. ####
#.# . .. .... #.# ###. #.
... #.#
....#.####.######.#######
##..#....@..............#
........@B.######.#####.#
##.#......## #.# #.#
##.........# #.#####.#
#≈≈≈##..#..# #.....#.#
##≈..#.#.≈##########.#.#
#...#.÷#≈≈.........#.#.#
##...#÷≈≈......###.#)#.#
###≈#.≈........##.#.#.#
#≈.#.........##.#.#.#


You could see Terence and a giant cockroach.

Vanquished Creatures
  An adder (D:2)
  An ooze (D:1)
  A dart slug (D:1)
  A leopard gecko (D:1)
  2 giant cockroaches (D:1)
  5 goblins (D:1)
  2 hobgoblins (D:1)
  5 kobolds
  A quokka (D:2)
  A bat (D:1)
  2 rats
22 creatures vanquished.

Notes
Turn   | Place    | Note
-------+----------+-------------------------------------------
     0 | D:1      | pkoi the Ghoul Monk began the quest for the Orb.
     0 | D:1      | Reached XP level 1. HP: 19/19 MP: 0/0
    61 | D:1      | Reached XP level 2. HP: 17/26 MP: 1/1
   234 | D:1      | Reached skill level 4 in Unarmed Combat
   671 | D:1      | Reached XP level 3. HP: 29/31 MP: 2/2
  1315 | D:2      | Found a runed translucent door.
  1316 | D:2      | Noticed Crazy Yiuf
  1348 | D:2      | Noticed Terence
  1357 | D:2      | Slain by Terence

Illustrated notes

Levels and vault maps discovered:
D:1:      minmay_arrival_split_and_join, layout_basic
D:2:      layout_basic, chequers_serial_rivers_small_b, uniq_terence,
          uniq_robin, uniq_crazy_yiuf_cottage

Skill      XL: |  1  2 |
---------------+-------+-----
Unarmed Combat | 4 |  4.9
Fighting       | |  3.2
Dodging        | |  2.6
Stealth        | |  2.1

Action                   || total
-------------------------++-------
Melee: Unarmed           ||    83
       Punch             ||     1
  Use: Scroll            ||     1
 Stab: Sleeping          ||     3
Armor: Robe              ||    12
Dodge: Dodged            ||    48
Block: Other             ||     4

Table legend: (Time is in decaauts)
 A = Elapsed time spent in this place.
 B = Non-inter-level travel time spent in this place.
 C = Inter-level travel time spent in this place.
 D = Time resting spent in this place.
 E = Time spent auto-exploring this place.
 F = Levels seen in this place.
 G = Mean time per level.
                   A        B        C        D        E       F      G
               +--------+--------+--------+--------+--------+-----+--------+
         Total |   1352 |   1308 |     44 |    230 |    868 |   2 |  676.0 |
       Dungeon |   1352 |   1308 |     44 |    230 |    868 |   2 |  676.0 |
               +--------+--------+--------+--------+--------+-----+--------+

Top non-repeatable levels by time:
     D:1: 1026 daAuts
     D:2: 325 daAuts
